Map: 오토메이턴 - 래더

Players

herO - Winner!

  • Race: Protoss Protoss
  • Spawn Location: 3:00

SpeCial

  • Race: Terran Terran
  • Spawn Location: 9:00

Event: IEM Season 13: Katowice (2019)

VOD

Have the link to the VOD?

Description

Time

  • Played on: Feb. 28, 2019, 6:25 a.m.
  • Length: 9:04

All games in this series

Show
View Real Time Build Order
Export as new Build Order

herO Protoss - Winner!

Build Orders: Phoenix Opening, Blink Stalkers 

Get SALT Encoding   

  12  0:00  Probe  
  13  0:12  Probe  
  14  0:18  Pylon  
  14  0:24  Probe  
  15  0:32  Probe  
  15  0:38  Gateway  
  15  0:40  Probe  
  16  0:48  Assimilator  
  17  0:51  Probe  
  17  0:56  Assimilator  
  18  0:59  Probe  
  19  1:06  Pylon  
  19  1:07  Probe  
  20  1:17  Probe  
  20  1:25  Cybernetics Core  
  21  1:29  Probe  
  24  1:41  Probe  
  25  1:52  Warp Gate  
  25  1:53  Sentry  
  25  1:57  Nexus  
  25  2:06  Probe  
  26  2:16  Pylon  
  26  2:18  Stalker  
  28  2:23  Probe  
  29  2:31  Phoenix  
  29  2:35  Probe  
  30  2:42  Gateway  
  30  2:48  Stalker  
  32  2:54  Twilight Council  
  32  2:57  Probe  
  33  3:05  Blink  
  33  3:08  Gateway  
  33  3:09  Probe  
  35  3:12  Probe  
  35  3:19  Stalker  
  37  3:24  Probe  
  37  3:25  Probe  
  39  3:37  Probe x2  
  41  3:42  Pylon  
  41  3:45  Stalker  
  43  3:49  Probe  
  43  3:50  Probe  
  44  4:03  Probe  
  44  4:04  Probe  
  44  4:07  Stalker x2  
  50  4:10  Stalker  
  50  4:16  Probe  
  50  4:20  Probe  
  41  4:31  Phoenix  
  41  4:39  Stalker x2  
  41  4:42  Stalker  
  47  4:48  Pylon  
  46  5:09  Stalker x2  
  46  5:12  Stalker  
  49  5:36  Stalker x3  
  31  6:15  Stalker  
  30  6:21  Stalker  
  28  6:41  Shield Battery  
  17  7:11  Robotics Facility  
  17  7:24  Probe  
  18  7:52  Observer  
  19  8:09  Probe x2  
Show
View Real Time Build Order
Export as new Build Order

SpeCial Terran 

Build Orders: 1/1/1, Banshee Rush 

Get SALT Encoding   

  12  0:00  SCV  
  13  0:12  SCV  
  14  0:18  Supply Depot  
  14  0:24  SCV  
  15  0:29  Refinery  
  15  0:39  SCV  
  16  0:45  Barracks  
  16  0:51  SCV  
  17  1:03  SCV  
  18  1:15  SCV  
  19  1:32  Marine  
  19  1:33  Factory, Orbital Command  
  20  1:48  Supply Depot  
  20  1:50  Marine  
  21  1:58  SCV  
  22  2:08  Marine  
  22  2:10  SCV  
  24  2:17  Command Center  
  24  2:19  Widow Mine  
  27  2:28  Starport  
  26  2:30  Marine  
  26  2:33  SCV  
  28  2:38  Supply Depot  
  28  2:46  Hellion  
  28  2:49  SCV  
  31  2:56  Refinery  
  31  3:00  Marine  
  31  3:01  SCV  
  27  3:05  Medivac  
  33  3:09  Hellion  
  37  3:17  SCV, Marine  
  39  3:29  SCV  
  39  3:30  Orbital Command  
  39  3:33  Widow Mine  
  42  3:35  Starport Tech Lab  
  42  3:38  Barracks Reactor  
  42  3:42  SCV  
  42  3:48  Barracks  
  43  3:55  Cloaking Field  
  43  3:58  SCV x2  
  45  4:03  Banshee  
  45  4:07  Factory Tech Lab  
  48  4:11  SCV x2  
  48  4:21  Marine x2  
  48  4:23  SCV, Bunker  
  48  4:25  SCV  
  47  4:35  SCV  
  47  4:37  Siege Tank  
  47  4:38  SCV  
  50  4:39  Marine x2  
  50  4:43  Supply Depot  
  50  4:44  Marine  
  53  4:50  SCV  
  54  5:04  Banshee, Marine x3  
  54  5:05  SCV x2  
  54  5:06  Supply Depot  
  62  5:17  Siege Tank  
  62  5:18  SCV  
  62  5:19  SCV  
  57  5:22  Marine x3  
  55  5:30  SCV  
  55  5:31  SCV  
  48  5:40  Marine x3  
  48  5:42  SCV  
  26  5:58  Marine  
  26  5:59  Marine  
  18  6:05  Marine  
  18  6:08  SCV  
  19  6:16  Marine  
  19  6:17  Marine  
  19  6:23  Marine  
  17  6:34  Marine  
  17  6:37  Marine  
  15  6:44  Orbital Command  
  13  6:52  Orbital Command  
  11  7:15  Marine  
  12  7:19  SCV  
  11  7:33  Marine  
  11  7:35  Marauder  
  11  7:36  SCV  
  12  7:50  Marine  
  15  8:00  SCV  
  15  8:04  Marine  
  15  8:16  SCV  
  15  8:17  Refinery  
  15  8:19  Marine  
  17  8:29  Marine  
  17  8:37  Marine  

Tags
 
Add a new tag
Caveats
  • Supply blocks, unpowered buildings, or Contaminate may cause inaccurate times.
  • Supply counts are checked every 10 seconds.